AoeStats
← hightower_208

Fortress

508878548Analyzed
2v2 RM · 8d ago on Sep 24, 2026· 21m 20s· 4 players
Game mode
Random Map
Map size
Normal (6 player)
Population
200
Speed
Normal
Resources
Standard
Victory
Conquest
Starting age
Dark Age
Ending age
Imperial Age
RankedLock teamsTeams togetherTeam positionsShared explorationLock speedFull tech treeHidden civsTurbo modeCheats
Victory
Defeat
🇩🇪 Danes · Germany
1691
+11
🇩🇪 Mongols · Germany
1674
+11
🇧🇷 Danes · Brazil
1655
-14
🇧🇷 Varangians · Brazil
1483
-8
GuneR
7:16 Feudal Age
11:22 Castle Age
9:23 Double-Bit Axe
12:13 Scale Mail Armor
12:41 Bow Saw
15:38 Wheelbarrow
18:26 Chain Mail Armor
18:05 Gold Mining
19:08 Loom
19:47 Forging
19:41 Squires
21:14 Iron Casting
rick rush
7:27 Feudal Age
11:20 Castle Age
9:38 Double-Bit Axe
9:40 Horse Collar
12:18 Forging
12:13 Scale Barding Armor
12:21 Bloodlines
12:41 Loom
13:54 Scale Barding Armor
14:22 Loom
19:41 Husbandry
Mjoelnir
5:54 Feudal Age
9:45 Castle Age
12:29 Horse Collar
13:05 Loom
16:48 Double-Bit Axe
18:31 Gold Mining
19:45 Fletching
20:22 Bodkin Arrow
21:42 Bloodlines
22:29 Wheelbarrow
hightower_208
6:20 Feudal Age
10:37 Castle Age
9:12 Double-Bit Axe
9:43 Horse Collar
12:45 Bow Saw
13:02 Loom
17:18 Wheelbarrow
18:33 Hand Cart
18:44 Gold Mining
18:45 Town Watch
Connection lost

Rejoining the realm…

Still unreachable

The connection could not be restored.

Session expired

The server has moved on; the page needs a fresh start.